 Dungeon Crawl Stone Soup version 0.21-a0-104-g7b58145 (webtiles) character file.

1374 tilp the Arsonist (level 8, -6/57 HPs)
             Began as a Hill Orc Fire Elementalist on July 5, 2017.
             Was a Believer of Okawaru.
             Mangled by Pikel
             ... wielding a +0 whip of electrocution
              (10 damage)
             ... on level 5 of the Dungeon.
             The game lasted 00:30:08 (8007 turns).

tilp the Arsonist (Hill Orc Fire Elementalist)      Turns: 8007, Time: 00:30:09

Health: -6/57      AC:  6    Str: 11    XL:     8   Next: 66%
Magic:  4/11       EV: 11    Int: 17    God:    Okawaru [**....]
Gold:   374        SH:  0    Dex: 11    Spells: 2/12 levels left

rFire    . . .     SeeInvis .   m - +4 dagger (speed)
rCold    . . .     Gourm    .   (no shield)
rNeg     . . .     Faith    .   C - +0 leather armour
rPois    .         Spirit   .   (no helmet)
rElec    .         Reflect  .   (no cloak)
rCorr    .         Harm     .   (no gloves)
MR       .....                  v - +2 pair of boots
Stlth    +.........             (no amulet)
HPRegen  0.19/turn              (no ring)
MPRegen  0.12/turn              (no ring)

@: no status effects
A: no striking features
a: Heroism, Renounce Religion


You were on level 5 of the Dungeon.
You worshipped Okawaru.
Okawaru was pleased with you.
You were not hungry.

You visited 2 branches of the dungeon, and saw 7 of its levels.

You collected 374 gold pieces.

Inventory:

Hand Weapons
 h - a +0 war axe
 i - a cursed -1 flail
 m - a +4 dagger of speed (weapon)
Missiles
 d - 6 javelins
 G - 6 javelins of returning (quivered)
Armour
 a - a +0 robe
 n - a +0 leather armour
 v - a +2 pair of boots (worn)
 C - a +0 leather armour (worn)
 J - a +1 ring mail of cold resistance
Jewellery
 w - an uncursed ring of stealth {unknown}
Wands
 F - a wand of flame (10/48)
Scrolls
 g - 4 scrolls of teleportation
 j - a scroll of blinking {unknown}
 k - a scroll of enchant armour
 l - a scroll of enchant weapon {unknown}
 p - 4 scrolls of remove curse {unknown}
 q - 2 scrolls of immolation
 t - 3 scrolls of fog
 y - 2 scrolls of amnesia
 E - 2 scrolls of magic mapping
 K - a scroll of recharging {unknown}
Potions
 e - a potion of cancellation {unknown}
 f - a potion of resistance
 r - a potion of degeneration {unknown}
 s - a potion of magic
 z - a potion of invisibility {unknown}
 A - a potion of haste {unknown}
 B - a potion of mutation {unknown}
 D - 2 potions of flight {unknown}
 H - a potion of lignification {unknown}
Books
 b - a book of Flames

   Spells                             Type                      Level
   a - Flame Tongue                   Conjuration/Fire             1
   b - Throw Flame                    Conjuration/Fire             2
   c - Conjure Flame                  Conjuration/Fire             3
   d - Inner Flame                    Hexes/Fire                   3
   e - Sticky Flame                   Conjuration/Fire             4
   f - Fireball                       Conjuration/Fire             5
 u - a book of Minor Magic

   Spells                             Type                      Level
   a - Magic Dart                     Conjuration                  1
   b - Blink                          Translocation                2
   c - Call Imp                       Summoning                    2
   d - Slow                           Hexes                        2
   e - Conjure Flame                  Conjuration/Fire             3
   f - Mephitic Cloud                 Conjuration/Poison/Air       3
Comestibles
 c - 3 bread rations
 x - 7 fruits
 I - 2 chunks of flesh


   Skills:
 - Level 1.5 Dodging
 - Level 1.5 Stealth
 - Level 2.6 Spellcasting
 + Level 6.1 Conjurations
 - Level 9.1 Fire Magic


You had 2 spell levels left.
You knew the following spells:

 Your Spells              Type           Power        Failure   Level  Hunger
a - Flame Tongue          Conj/Fire      ####.        1%          1    #......
b - Conjure Flame         Conj/Fire      ####....     3%          3    ###....
c - Sticky Flame          Conj/Fire      ####....     10%         4    #####..
d - Throw Flame           Conj/Fire      ####..       1%          2    ##.....


Dungeon Overview and Level Annotations

Branches:
Dungeon (6/15)             Temple (1/1) D:4

Altars:
Ashenzari
Cheibriados
Dithmenos
Elyvilon
Fedhas
Gozag
Hepliaklqana
Kikubaaqudgha
Makhleb
Nemelex Xobeh
Okawaru
Qazlal
Ru
Sif Muna
Trog
Uskayaw
Wu Jian
Xom
Yredelemnul
Zin
The Shining One

Annotations:
D:4 Edmund, Sigmund
D:5 KristoblXynda's ghost, novice DgAr; Pikel
D:6 Menkaure


Message History

You climb upwards.
Level annotation: KristoblXynda's ghost, novice DgAr
There is a stone staircase leading down, spattered with blood here.
You feel better.
Pikel burns!
Pikel stops burning.
Pikel hits you with a whip of electrocution.
* * * LOW HITPOINT WARNING * * *
You are electrocuted!
* * * LOW HITPOINT WARNING * * *
Unknown command.
Pikel hits you but does no damage.
Casting: Sticky Flame
Confirm with . or Enter, or press ? or * to list all spells.
Aiming: Sticky Flame
Press: ? - help, Shift-Dir - straight line, f - Pikel
Aim: Pikel, wielding a whip of electrocution and wearing a robe (severely wounded)
The sticky flame hits Pikel.
Pikel is almost dead.
Pikel is covered in liquid flames!
Pikel burns!
Pikel hits you but does no damage.
You are electrocuted!
You die...

#. ##### #. #...# #. #...#
##########. #...# #..........
#...# #.......... ###...##
########..........
#......###.................
#........K@................
#...[>...รท.................
###...####..(..............
#########...#
#.......##.###....
.......##...# ##'#.#'###.#
#.... .......###### #.#.#[# #.#
#.... .......#
####.#.#.###.###.... .......#
#....#.#..##.....###
.......#######...##.##........#


You could see Pikel (burning).

Vanquished Creatures
  Prince Ribbit (D:6)
  2 ice beasts (D:5)
  2 slaves
  A sky beast (D:5)
  An ogre (D:5)
  A bullfrog (D:6)
  3 scorpions (D:5)
  A crimson imp (D:5)
  A bullfrog zombie (D:6)
  A hound (D:4)
  6 orc wizards
  An iguana (D:4)
  4 worker ants (D:5)
  13 adders
  An ooze (D:3)
  An adder skeleton (D:4)
  5 worms
  A dart slug (D:1)
  8 leopard geckos
  5 orcs
  7 bats
  6 giant cockroaches
  11 goblins
  13 hobgoblins
  2 jackals (D:2)
  2 ball pythons (D:3)
  7 frilled lizards
  7 kobolds
  12 rats
126 creatures vanquished.

Notes
Turn   | Place    | Note
-------+----------+-------------------------------------------
     0 | D:1      | tilp the Hill Orc Fire Elementalist began the quest for the Orb.
     0 | D:1      | Reached XP level 1. HP: 14/14 MP: 3/3
   331 | D:1      | Reached XP level 2. HP: 20/20 MP: 3/5
   881 | D:1      | Reached XP level 3. HP: 26/26 MP: 4/6
  1215 | D:2      | Reached XP level 4. HP: 31/33 MP: 5/7
  1274 | D:2      | Learned a level 3 spell: Conjure Flame
  1279 | D:2      | Learned a level 4 spell: Sticky Flame
  2247 | D:3      | Reached skill level 4 in Fire Magic
  2247 | D:3      | Reached XP level 5. HP: 38/38 MP: 5/8
  2592 | D:3      | Found an iron altar of Okawaru.
  2600 | D:3      | Found an opulent altar of Gozag.
  2630 | D:3      | Became a worshipper of Warmaster Okawaru
  3257 | D:4      | Noticed Sigmund
  3479 | D:4      | Found a staircase to the Ecumenical Temple.
  3504 | Temple   | Entered the Ecumenical Temple
  4321 | D:4      | Noticed Edmund
  4389 | D:3      | Reached XP level 6. HP: 41/45 MP: 6/9
  4482 | D:5      | Entered Level 5 of the Dungeon
  4491 | D:5      | Noticed an ice beast
  4498 | D:5      | Killed an ice beast
  4498 | D:5      | Reached skill level 5 in Fire Magic
  4555 | D:5      | Noticed KristoblXynda's ghost (novice DgAr)
  4669 | D:5      | Noticed a sky beast
  4675 | D:5      | Killed a sky beast
  4675 | D:5      | Reached * piety under Okawaru
  4675 | D:5      | Reached skill level 6 in Fire Magic
  4763 | D:4      | Reached XP level 7. HP: 8/50 MP: 5/10
  5058 | D:4      | Learned a level 2 spell: Throw Flame
  5874 | D:5      | Reached skill level 5 in Conjurations
  6280 | D:5      | Reached XP level 8. HP: 57/57 MP: 0/11
  6456 | D:5      | Reached skill level 7 in Fire Magic
  6690 | D:5      | Found a bloodstained altar of Trog.
  6714 | D:5      | Reached ** piety under Okawaru
  7370 | D:6      | Reached skill level 8 in Fire Magic
  7372 | D:6      | Noticed Prince Ribbit
  7436 | D:6      | Killed Prince Ribbit
  7518 | D:6      | Reached skill level 9 in Fire Magic
  7531 | D:6      | Noticed Menkaure
  7848 | D:6      | Noticed Pikel
  7999 | D:6      | HP: 2/57 [Pikel/whip of electrocution (18)]
  8007 | D:5      | Mangled by Pikel

Vault maps used:
D:1:      lightli_molten_gateway
D:2:      cheibrodos_greedy_goblins
D:3:      grunt_temple_overflow_open
D:4:      minmay_temple_entry_statues_pillars, serial_shops, shop, uniq_edmund,
          uniq_sigmund
D:5:      marbit_many_paths, first_bread, kennysheep_donut
D:6:      vehumet_statue, uniq_crazy_yiuf_cottage, uniq_prince_ribbit1,
          uniq_menkaure, uniq_pikel
Temple:   regret_index_temple_mists

Skill      XL: |  1  2  3  4  5  6  7  8 |
---------------+-------------------------+-----
Spellcasting   | 2 |  2.6
Conjurations   | 2 3 4 6 |  6.1
Fire Magic     | 4 6 9 |  9.1
Dodging        | |  1.5
Stealth        | |  1.5

Action                   |  1- 3 |  4- 6 |  7- 9 || total
-------------------------+-------+-------+-------++-------
Melee: Short sword       |    16 |       |       ||    16
       Dagger            |    42 |   185 |   105 ||   332
 Fire: Hunting sling     |     2 |       |       ||     2
Throw: Stone             |     1 |       |       ||     1
       Javelin           |    10 |     2 |     8 ||    20
 Cast: Flame Tongue      |    24 |    30 |    48 ||   102
       Sticky Flame      |       |     5 |    13 ||    18
       Conjure Flame     |       |     1 |     7 ||     8
       Throw Flame       |       |       |    25 ||    25
  Use: Scroll            |       |     6 |     2 ||     8
       Potion            |       |     3 |     1 ||     4
 Stab: Sleeping          |     1 |     4 |       ||     5
  Eat: Chunk             |     1 |     7 |     4 ||    12
       Bread ration      |       |     2 |     1 ||     3
       Meat ration       |       |       |     1 ||     1
       Royal jelly       |       |       |     1 ||     1
Armor: Robe              |     7 |       |       ||     7
       Leather armour    |     2 |    41 |    26 ||    69
Dodge: Dodged            |    34 |    80 |    39 ||   153
